 Dungeon Crawl Stone Soup version 0.31-a0-968-g24f9ace8b5 (webtiles) character file.

Game seed: 17453167158236530788

737 LeprechaunX the Changeling (level 7, -5/46 HPs)
             Began as an Octopode Shapeshifter on Oct 27, 2023.
             Slain by a yak (12 damage)
             ... on level 4 of the Dungeon.
             The game lasted 00:03:58 (3061 turns).

LeprechaunX the Changeling (Octopode Shapeshifter)  Turns: 3061, Time: 00:03:58

Health: -5/46      AC:  5    Str: 20    XL:     7   Next: 74%
Magic:  11/11      EV: 13    Int: 12    God:
Gold:   169        SH:  0    Dex: 13    Spells: 8/11 levels left

rFire   + .          .
                       - Unarmed
rCold   . . .        (no shield)
rNeg    . . .        (helmet currently unavailable)
rPois   .            (no amulet)
rElec   .            h - +4 ring of protection
rCorr   .            n - +6 ring of strength
SInv    .            r - ring of wizardry
Will    .....        u - ring of fire
Stlth   ++           y - ring of protection from cold
HPRegen 0.27/turn    (no ring)
MPRegen 0.12/turn    (no ring)
                     (no ring)

%: wizardry (x1)
@: beast-form
A: beast (slay +3), almost no armour, amphibious, 8 rings, camouflage 1,
gelatinous body 1, (nimble swimmer 1), tentacles
a: Begin Untransformation


You were on level 4 of the Dungeon.
You were a hulking beast.
You visited 1 branch of the dungeon, and saw 4 of its levels.
You also visited: Sewer.

You collected 169 gold pieces.

Inventory:

Missiles
 l - 6 curare-tipped darts
Jewellery
 h - a +4 ring of protection (left tentacle)
 n - a +6 ring of strength (right tentacle)
 r - a ring of wizardry (on tentacle)
 u - a ring of fire (on tentacle)
 y - a ring of protection from cold (on tentacle)
Talismans
 b - a beast talisman
 c - a flux talisman
 j - a maw talisman
Scrolls
 k - a scroll of immolation {unknown}
 p - a scroll of amnesia {unknown}
 q - a scroll of torment {unknown}
 s - 2 scrolls of identify {unknown}
 v - a scroll of noise {unknown}
 w - a scroll of fear {unknown}
Potions
 a - a potion of lignification
 d - a potion of resistance {unknown}
 e - 4 potions of attraction {unknown}
 f - 4 potions of berserk rage
 g - 2 potions of haste {unknown}
 i - a potion of degeneration {unknown}
 m - a potion of brilliance {unknown}
 o - 3 potions of curing {unknown}
 t - 2 potions of magic {unknown}
 x - a potion of ambrosia {unknown}
 z - a potion of heal wounds {unknown}


   Skills:
 + Level 3.4 Fighting
 - Level 2.0 Dodging
 + Level 4.5 Unarmed Combat
 + Level 2.6 Spellcasting
 + Level 2.8 Ice Magic
 * Level 5.4 Shapeshifting


You had 8 spell levels left.
You knew the following spells:

 Your Spells              Type           Power      Damage    Failure   Level
a - Ozocubu's Armour      Ice            8%         N/A       10%         3

Your spell library contained the following spells:

 Spells                   Type           Power      Damage    Failure   Level
 Blink                    Tloc           2%         N/A       16%         2
 Lesser Beckoning         Tloc           2%         N/A       16%         2
 Momentum Strike          Conj/Tloc      2%         3d8       16%         2
 Inner Flame              Hex/Fire       2%         N/A       28%         3
 Yara's Violent Unravell  Hex/Tmut       0%         3d3       93%         5
 Enfeeble                 Hex            0%         N/A       100%        7
 Ozocubu's Refrigeration  Ice            4%         4d8       100%        7


Dungeon Overview and Level Annotations

Branches:
Dungeon (4/15)              Sewer (visited)
 Temple: D:4-7

Altars:
Gozag
Qazlal
Uskayaw
The Shining One

Shops:
D:3 :


Innate Abilities, Weirdness & Mutations

You are a hulking beast.
Your limbs bulge with bestial killing power. (Slay +3)
You cannot wear most types of armour.
You are amphibious.
You can wear up to eight rings at the same time.
Your skin changes colour to match your surroundings (Stealth+).
Your rubbery body absorbs attacks. (AC +1, EV +1)
((You are camouflaged when in or above water. (Stealth+)))
You have tentacles for arms and can constrict up to eight enemies at once.


Message History

The yak is lightly wounded.
The yak closely misses you.
You tentacle-slap the yak. You squeeze the yak!
The yak is heavily wounded.
The yak gores you but does no damage.
You bludgeon the yak!
The yak is severely wounded.
The yak gores you but does no damage.
You tentacle-slap the yak but do no damage.
The yak is severely wounded.
The yak gores you.
You barely miss the yak.
The yak is severely wounded.
You closely miss the yak.
The yak is severely wounded.
The yak bellows!
The yak gores you!
You tentacle-slap the yak.
You tentacle-slap the yak, but do no damage.
The yak is severely wounded.
The yak closely misses you.
You tentacle-slap the yak.
The yak is almost dead.
The yak gores you!
You tentacle-slap the yak. You squeeze the yak.
You kill the yak!
The yak attacks as it pursues you! The yak barely misses you.
The yak attacks as it pursues you! The yak gores you!
* * * LOW HITPOINT WARNING * * *
Okay, then.
The yak attacks as it pursues you! The yak misses you.
The yak attacks as it pursues you! The yak gores you.
* * * LOW HITPOINT WARNING * * *
You see here a +0 giant spiked club.
The yak attacks as it pursues you! The yak completely misses you.
The yak attacks as it pursues you! The yak gores you.
* * * LOW HITPOINT WARNING * * *
There is a stone staircase leading up here.
The yak gores you!
You die...

### #.##### ####.....##
##...h.....###
#....Y.......#
###..###....## #..#
#..### ###Y)###..###
##### ###.K....#....##
##~~~~ #..............#
#.####
##>Y......[....####.##†~
##..........#.....##.#.##


You could see 3 yaks and a kobold.

Vanquished Creatures
  2 yaks
  Pargi (Sewer)
  An ice beast (D:4)
  An ogre (D:4)
  An orc priest (D:3)
  An iguana (D:3)
  4 adders
  A worm (D:2)
  2 dart slugs
  3 orcs (D:3)
  8 ball pythons
  10 bats
  An endoplasm (D:2)
  4 giant cockroaches
  3 goblins
  4 hobgoblins
  6 jackals
  3 kobolds
  3 quokkas
  A frilled lizard (D:3)
  5 rats
65 creatures vanquished.

Notes
Turn   | Place    | Note
-------+----------+-------------------------------------------
     0 | D:1      | LeprechaunX the Octopode Shapeshifter began the quest for
                  | the Orb.
     0 | D:1      | Reached XP level 1. HP: 13/13 MP: 1/1
   472 | D:1      | Reached XP level 2. HP: 18/18 MP: 2/2
  1082 | D:2      | Reached XP level 3. HP: 22/23 MP: 3/3
  1338 | D:2      | Learned a level 3 spell: Ozocubu's Armour
  1755 | D:3      | Found Suhuic's Vocational Training.
  1794 | D:3      | Reached skill level 1 in Spellcasting
  1794 | D:3      | Reached XP level 4. HP: 25/29 MP: 5/5
  1982 | D:3      | Reached skill level 1 in Ice Magic
  2079 | D:3      | Found a glowing golden altar of the Shining One.
  2103 | D:3      | Found a stormy altar of Qazlal.
  2301 | D:4      | Noticed an ogre
  2315 | D:4      | Killed an ogre
  2316 | D:4      | Reached skill level 4 in Shapeshifting
  2316 | D:4      | Reached XP level 5. HP: 35/35 MP: 5/7
  2318 | D:4      | Noticed a +0 dagger
  2319 | D:4      | Noticed a +0 falchion
  2320 | D:4      | Noticed a +0 short sword
  2320 | D:4      | Noticed a +0 short sword
  2320 | D:4      | Noticed a +0 spear
  2321 | D:4      | Noticed a +0 dagger
  2321 | D:4      | Noticed a +0 falchion
  2323 | D:4      | Noticed a +0 spear
  2391 | D:4      | Found a glowing drain.
  2395 | Sewer    | Entered a sewer
  2432 | Sewer    | Noticed Pargi
  2444 | Sewer    | Killed Pargi
  2445 | Sewer    | Reached XP level 6. HP: 41/41 MP: 8/8
  2590 | D:4      | Found an opulent altar of Gozag.
  2623 | D:4      | Noticed an ice beast
  2636 | D:4      | Killed an ice beast
  2814 | D:4      | Noticed a yak
  2815 | D:4      | Noticed a yak
  2815 | D:4      | Noticed a yak
  2816 | D:4      | Noticed a yak
  2816 | D:4      | Noticed a yak
  2826 | D:3      | Reached XP level 7. HP: 24/45 MP: 10/10
  2835 | D:3      | Killed a yak
  2836 | D:3      | Reached skill level 5 in Shapeshifting
  3006 | D:4      | Found a hide-covered altar of Uskayaw.
  3048 | D:4      | Killed a yak
  3061 | D:4      | Slain by a yak

Illustrated notes

Levels and vault maps discovered:
D:1:      minmay_arrival_shoal_huts, layout_basic
D:2:      layout_basic
D:3:      layout_basic, tso_altar, nicolae_qazlal_general_emergency,
          kennysheep_decorative_pillar, nicolae_shop_vocational
D:4:      layout_cave_pools, nicolae_uskayaw_en_pointe,
          nicolae_overflow_crystal_walls, lemuel_doored_altar,
          gup_sewer_entry_spiral, uniq_crazy_yiuf_cottage

Skill      XL: |  1  2  3  4  5  6  7 |
---------------+----------------------+-----
Spellcasting   | 1 2 |  2.6
Fighting       | 2 3 |  3.4
Ice Magic      | 1 2 |  2.8
Shapeshifting  | 4 5 |  5.4
Unarmed Combat | 4 |  4.5
Dodging        | |  2.0

Action                     |  1- 3 |  4- 6 |  7- 9 || total
---------------------------+-------+-------+-------++-------
  Melee: Unarmed           |    55 |    68 |    19 ||   142
         Constrict         |    15 |    14 |       ||    29
         Tentacles         |     7 |    13 |     5 ||    25
         Punch             |     1 |     1 |     1 ||     3
  Throw: Dart              |       |     3 |       ||     3
         Throwing net      |       |     1 |       ||     1
   Stab: Sleeping          |     9 |     6 |       ||    15
         Held in net/web   |       |     3 |       ||     3
 Armour: Skin              |    20 |    28 |    11 ||    59
  Dodge: Dodged            |    25 |    43 |    12 ||    80

Table legend: (Time is in decaauts)
 A = Elapsed time spent in this place.
 B = Non-inter-level travel time spent in this place.
 C = Inter-level travel time spent in this place.
 D = Time resting spent in this place.
 E = Time spent auto-exploring this place.
 F = Levels seen in this place.
 G = Mean time per level.
                   A        B        C        D        E       F      G
               +--------+--------+--------+--------+--------+-----+--------+
         Total |   3048 |   2891 |    157 |     84 |   2291 |   5 |  609.6 |
       Dungeon |   2958 |   2801 |    157 |     84 |   2255 |   4 |  739.5 |
         Sewer |     89 |     89 |      0 |      0 |     36 |   1 |   89.0 |
               +--------+--------+--------+--------+--------+-----+--------+

Top non-repeatable levels by time:
     D:1: 844 daAuts
     D:2: 806 daAuts
     D:3: 790 daAuts
     D:4: 517 daAuts
   Sewer: 89 daAuts
